Map: Cañón polvoriento

Players

MrFercho - Winner!

  • Race: Zerg Zerg
  • League: Silver
  • Spawn Location: 9:00

TATORREA - Winner!

  • Race: Protoss Protoss
  • League: Silver
  • Spawn Location: 11:00

Skimmy

  • Race: Terran Terran
  • Spawn Location: 5:00

GulagChamp

  • Race: Terran Terran
  • Spawn Location: 3:00

VOD

Have the link to the VOD?

Description

Time

  • Played on: May 15, 2020, 6:22 p.m.
  • Length: 13:59
Show
View Real Time Build Order
Export as new Build Order

MrFercho Zerg - Winner!

Build Orders: Pool First, Muta Ling Bane 

Get SALT Encoding   

  12  0:02  Drone  
  13  0:16  Overlord  
  13  0:22  Drone  
  13  0:27  Extractor  
  13  0:28  Drone  
  14  0:40  Drone  
  14  0:41  Drone  
  16  0:52  Drone  
  17  0:57  Spawning Pool  
  16  1:05  Drone  
  17  1:13  Drone  
  18  1:43  Drone x3  
  21  1:58  Hatchery  
  21  1:59  Drone  
  21  2:05  Overlord  
  21  2:10  Queen, Extractor  
  22  2:29  Drone x2  
  24  3:01  Drone x3  
  27  3:05  Metabolic Boost  
  27  3:13  Hatchery  
  27  3:14  Lair  
  27  3:17  Extractor  
  27  3:18  Drone  
  27  3:19  Extractor  
  25  3:20  Drone x2  
  25  3:21  Drone  
  28  3:27  Drone x2  
  30  3:37  Drone x2  
  32  3:51  Overlord  
  32  3:55  Drone x3  
  35  4:20  Roach Warren  
  34  4:25  Baneling Nest  
  33  4:48  Zergling x2  
  33  4:49  Zergling x12  
  40  5:16  Drone x5  
  45  5:27  Spire  
  44  5:39  Drone x3  
  44  5:40  Queen  
  49  5:52  Baneling x5  
  49  5:53  Baneling x9  
  49  6:02  Hatchery  
  48  6:05  Hatchery  
  48  6:08  Hatchery  
  48  6:09  Hatchery, Drone x5  
  48  6:10  Hatchery  
  48  6:11  Overlord x2  
  49  6:40  Glial Reconstitution  
  49  6:42  Centrifical Hooks  
  42  7:41  Mutalisk  
  42  7:42  Mutalisk x9  
  62  7:56  Drone x5  
  62  7:57  Drone x4  
  71  8:34  Mutalisk x6  
  63  9:41  Mutalisk  
  63  9:42  Mutalisk x6  
  65  10:28  Mutalisk  
  65  10:29  Mutalisk x4  
  67  11:27  Zergling x12  
  67  11:28  Zergling x30  
  82  11:50  Baneling x2  
  82  11:51  Baneling x27  
  82  11:52  Baneling x8  
  82  11:53  Baneling  
  55  13:34  Roach x8  
  57  13:35  Roach x12  
  57  13:39  Overlord  
  57  13:40  Overlord x2  
Show
View Real Time Build Order
Export as new Build Order

TATORREA Protoss - Winner!

Build Orders:  

Get SALT Encoding   

  12  0:01  Probe  
  13  0:24  Probe  
  13  0:27  Pylon  
  14  0:38  Probe  
  15  0:50  Probe  
  16  1:02  Probe  
  16  2:18  Probe  
  17  2:25  Assimilator  
  17  2:28  Assimilator  
  17  2:36  Pylon  
  17  2:39  Gateway  
  17  2:42  Gateway  
  17  2:45  Gateway  
  17  2:50  Probe  
  18  2:59  Nexus  
  18  3:02  Probe  
  19  3:09  Forge  
  19  3:14  Probe  
  20  3:24  Pylon  
  20  3:27  Probe  
  21  3:29  Pylon  
  21  3:34  Pylon  
  21  3:38  Pylon  
  21  3:39  Probe  
  22  3:44  Zealot  
  22  3:45  Zealot x2  
  28  3:50  Protoss Ground Weapons Level 1  
  28  3:51  Probe  
  29  4:01  Cybernetics Core  
  29  4:03  Probe  
  30  4:15  Probe  
  31  4:33  Probe  
  31  4:36  Probe  
  33  4:39  Warp Gate (Chrono Boost)  
  33  4:44  Stalker  
  33  4:45  Probe, Stalker  
  38  4:46  Stalker  
  38  4:48  Probe  
  41  4:59  Stargate  
  41  5:02  Robotics Facility  
  42  5:07  Probe  
  42  5:08  Twilight Council, Probe  
  43  5:30  Probe x2  
  45  5:41  Assimilator  
  45  5:42  Probe x2  
  47  5:44  Oracle  
  47  5:45  Assimilator  
  50  5:53  Immortal  
  54  6:02  Charge  
  54  6:04  Probe  
  54  6:05  Probe  
  56  6:20  Probe x2  
  56  6:22  Protoss Ground Weapons Level 2  
  58  6:38  Void Ray  
  62  6:40  Probe x2  
  64  6:52  Probe x2  
  66  7:02  Robotics Bay  
  66  7:04  Probe, Pylon  
  67  7:08  Pylon  
  67  7:09  Probe  
  67  7:14  Pylon  
  68  7:17  Pylon  
  68  7:21  Pylon  
  68  7:26  Pylon  
  68  7:29  Pylon  
  68  7:46  Probe  
  68  7:47  Probe  
  70  8:09  Stalker  
  70  8:10  Stalker x2  
  70  8:11  Colossus  
  82  8:14  Extended Thermal Lance  
  82  8:18  Void Ray  
  86  8:29  Blink  
  86  8:40  Fleet Beacon  
  86  8:46  Protoss Air Weapons Level 1, Nexus  
  86  8:48  Probe x2  
  88  9:00  Probe  
  89  9:06  Probe  
  89  9:09  Colossus  
  90  9:13  Probe  
  90  9:14  Void Ray  
  101  9:18  Probe, Stalker x3  
  108  9:35  Protoss Ground Weapons Level 3  
  108  9:43  Assimilator  
  108  9:45  Assimilator  
  108  9:49  Probe  
  108  9:50  Probe  
  110  10:02  Probe  
  110  10:03  Colossus  
  117  10:17  Void Ray  
  121  10:23  Stalker  
  123  10:50  Pylon  
  123  10:52  Pylon  
  123  10:55  Pylon  
  123  10:58  Pylon  
  123  11:02  Pylon  
  123  11:05  Probe  
  123  11:06  Probe, Pylon  
  125  11:16  Colossus  
  131  11:21  Tempest  
  131  11:22  Pylon  
  136  11:26  Pylon  
  119  12:04  Carrier  
  117  12:10  Immortal  
  121  12:50  Observer  
Show
View Real Time Build Order
Export as new Build Order

Skimmy Terran 

Build Orders:  

Get SALT Encoding   

  12  0:01  SCV  
  13  0:13  SCV  
  14  0:20  Supply Depot  
  14  0:25  SCV  
  15  0:41  SCV  
  16  0:44  Barracks  
  16  0:51  Refinery  
  16  0:53  SCV  
  17  1:05  SCV  
  18  1:15  Refinery  
  18  1:18  SCV  
  19  1:30  SCV  
  20  1:33  Supply Depot  
  20  1:46  SCV  
  21  1:57  Supply Depot  
  21  1:58  SCV  
  22  2:02  Factory  
  22  2:10  SCV  
  23  2:27  Command Center  
  23  2:39  Orbital Command  
  23  2:44  Barracks Tech Lab  
  23  2:52  Supply Depot  
  23  3:01  Factory Tech Lab  
  23  3:09  Barracks  
  23  3:24  Stimpack  
  23  3:26  SCV  
  24  3:34  Supply Depot  
  24  3:37  Marine  
  24  3:41  Refinery  
  25  3:56  Siege Tank  
  25  3:57  Supply Depot  
  25  4:00  SCV  
  29  4:13  Barracks  
  29  4:16  Barracks Tech Lab  
  29  4:25  SCV, Refinery  
  30  4:34  Siege Tank  
  33  4:38  SCV  
  33  4:39  SCV  
  33  4:45  Supply Depot  
  35  4:55  Marine  
  35  4:56  SCV  
  35  4:59  SCV  
  38  5:05  Barracks Tech Lab  
  38  5:07  Supply Depot  
  38  5:08  SCV  
  38  5:13  Starport  
  39  5:23  SCV  
  40  5:34  SCV  
  40  5:35  SCV  
  42  5:37  Supply Depot, Marine  
  42  5:38  Marine x2  
  45  5:46  SCV  
  45  5:47  SCV  
  47  5:54  Starport Tech Lab  
  47  5:55  Engineering Bay, Marine  
  48  5:58  SCV, Starport Reactor  
  48  6:01  Starport Tech Lab  
  50  6:04  SCV  
  50  6:17  Marine  
  50  6:18  Marine x2  
  53  6:21  Command Center  
  53  6:22  Siege Tank  
  56  6:28  Terran Infantry Weapons Level 1  
  56  6:31  Medivac  
  58  6:35  Marine  
  58  6:38  Starport  
  59  6:40  Marine x2  
  59  6:45  SCV  
  62  6:47  SCV  
  62  6:52  Supply Depot  
  63  6:57  SCV  
  64  7:04  Marine  
  64  7:05  Marine x2  
  67  7:08  Medivac  
  67  7:13  Siege Tank  
  67  7:15  SCV  
  73  7:17  SCV  
  73  7:22  Marine x3  
  74  7:23  Supply Depot  
  77  7:31  Barracks  
  77  7:36  Refinery  
  77  7:38  SCV  
  78  7:50  SCV  
  79  7:51  Marine x2  
  79  7:52  Marine  
  79  7:55  Starport Reactor  
  79  7:56  Liberator  
  85  7:59  Siege Tank  
  85  8:02  Supply Depot, Refinery  
  85  8:04  SCV  
  89  8:05  SCV  
  89  8:07  SCV  
  89  8:09  Marine  
  92  8:16  SCV  
  92  8:19  SCV  
  94  8:28  Barracks Tech Lab  
  94  8:29  Combat Shield  
  94  8:31  Siege Tank  
  97  8:35  Concussive Shells  
  97  8:37  Barracks  
  97  8:39  Medivac  
  99  8:41  Orbital Command  
  99  8:43  SCV  
  99  8:46  Orbital Command  
  91  9:09  Medivac  
  79  9:39  SCV  
  79  9:43  Barracks Reactor, Supply Depot  
  79  9:45  Marine x4  
  82  9:49  SCV  
  82  9:51  SCV  
  86  10:01  SCV  
  86  10:03  Marine x4  
  86  10:04  SCV  
  92  10:13  SCV  
  91  10:16  SCV  
  91  10:20  Marine  
  91  10:21  Marine x3  
  94  10:24  Medivac x3  
  94  10:25  SCV  
  94  10:27  Marine x2  
  105  10:37  SCV  
  105  10:38  SCV, Marine x2  
  110  10:50  SCV x2  
  110  11:02  SCV  
  103  11:14  SCV  
  103  11:15  Missile Turret  
  96  11:26  SCV  
  96  11:32  Marine x4  
  99  11:33  Marine  
  99  11:34  Medivac x2  
  99  11:35  Medivac  
  99  11:37  Siege Tank  
  99  11:38  Marine  
  112  11:50  Marine x5  
  117  12:04  Liberator x3  
  89  12:24  Marine x3  
  89  12:25  Marine x3  
  89  12:27  Siege Tank  
  86  12:42  Marine x4  
  90  12:47  Supply Depot, Medivac, Liberator x2  
  95  12:54  Marine x2  
  97  12:59  Siege Tank  
  97  13:00  Marine x4  
  96  13:17  Medivac  
Show
View Real Time Build Order
Export as new Build Order

GulagChamp Terran 

Build Orders:  

Get SALT Encoding   

  12  0:02  SCV  
  13  0:21  Supply Depot  
  13  0:25  SCV  
  14  0:37  SCV  
  15  0:49  SCV  
  16  0:57  Barracks  
  16  1:01  SCV  
  17  1:10  Refinery  
  17  1:13  SCV  
  18  1:25  SCV  
  19  1:37  SCV  
  20  1:57  Supply Depot  
  20  2:04  Marine  
  21  2:14  SCV  
  22  2:17  Refinery  
  22  2:22  Marine  
  23  2:26  SCV  
  24  2:36  Engineering Bay  
  24  2:38  SCV  
  24  2:40  Marine  
  26  2:54  Orbital Command  
  26  2:58  Marine  
  27  3:07  Terran Infantry Weapons Level 1  
  27  3:16  Marine  
  28  3:25  Factory  
  28  3:33  Marine  
  29  3:50  SCV  
  29  3:51  Marine  
  31  4:13  Command Center  
  31  4:20  Supply Depot  
  31  4:22  Supply Depot  
  31  4:28  Factory Tech Lab  
  31  4:41  Marine  
  32  4:52  Armory  
  32  4:59  Supply Depot, Marine  
  33  5:02  Terran Infantry Armor Level 1  
  33  5:17  Reaper  
  33  5:18  SCV  
  35  5:27  Siege Tank  
  38  5:32  SCV  
  39  5:43  Supply Depot  
  39  5:44  SCV  
  39  5:49  Reaper  
  41  5:56  SCV  
  42  6:00  Siege Tank  
  42  6:01  Smart Servos  
  45  6:08  SCV  
  46  6:20  SCV  
  46  6:22  Reaper  
  48  6:32  SCV, Siege Tank  
  52  6:33  Refinery x2  
  52  6:37  Terran Vehicle And Ship Armor Level 1  
  52  6:44  SCV  
  53  6:54  Supply Depot, Reaper  
  54  6:56  Hi-Sec Auto Tracking  
  54  6:57  SCV  
  55  7:04  Hellion  
  57  7:09  SCV  
  58  7:20  Infernal Pre-Igniter  
  58  7:21  SCV  
  59  7:25  Hellion  
  59  7:26  Reaper  
  59  7:33  SCV  
  53  7:44  Starport  
  53  7:45  SCV  
  50  7:55  SCV  
  50  7:57  SCV  
  50  7:58  Reaper  
  50  8:07  SCV  
  50  8:09  SCV  
  52  8:19  SCV  
  53  8:30  Reaper  
  53  8:31  SCV  
  55  8:34  Starport Tech Lab  
  56  8:41  SCV  
  56  8:43  SCV  
  57  8:53  SCV, Supply Depot  
  58  8:55  SCV  
  58  9:02  Marine  
  60  9:07  SCV, Missile Turret  
  61  9:20  SCV, Marine  
  63  9:29  SCV  
  64  9:37  Fusion Core, Marine  
  65  9:41  SCV  
  66  9:53  SCV  
  67  10:05  SCV  
  68  10:08  Starport  
  68  10:18  SCV  
  69  10:30  SCV  
  70  10:38  Battlecruiser  
  70  10:42  SCV  
  77  10:51  Missile Turret  
  77  10:54  SCV  
  78  11:15  Marine  
  79  11:28  Starport Tech Lab  
  79  11:33  Marine  
  79  11:38  Planetary Fortress  
  74  11:46  Starport  
  69  11:51  Marine  
  60  12:09  Marine  
  31  12:46  Medivac  
  32  12:55  Engineering Bay  
  30  13:16  Medivac  
Tags
 
Add a new tag
Caveats
  • Supply blocks, unpowered buildings, or Contaminate may cause inaccurate times.
  • Supply counts are checked every 10 seconds.